 Dungeon Crawl Stone Soup version 0.21.0-22-g11d5b52 (webtiles) character file.

104 Faca the Chopper (level 5, 0/41 HPs)
             Began as a Formicid Abyssal Knight on Jan 18, 2018.
             Was a Follower of Lugonu.
             Slain by Purgy (7 damage)
             ... in a sewer.
             The game lasted 00:05:07 (2586 turns).

Faca the Chopper (Formicid Abyssal Knight)          Turns: 2586, Time: 00:05:07

Health: 0/41       AC:  9    Str: 17    XL:     5   Next: 7%
Magic:  7/7        EV: 10    Int: 12    God:    Lugonu [*.....]
Gold:   59         SH:  0    Dex: 10    Spells: 4/4 levels left

rFire    . . .     SeeInvis +   a - +1 hand axe
rCold    . . .     Gourm    +   (no shield)
rNeg     . . .     Faith    .   p - +3 ring mail
rPois    .         Spirit   .   (helmet unavailable)
rElec    .         Reflect  .   (no cloak)
rCorr    .         Harm     .   f - +0 pair of gloves
MR       .....                  (no boots)
Stlth    ..........             g - amulet of the gourmand
HPRegen  0.13/turn              (no ring)
MPRegen  0.10/turn              (no ring)

@: no status effects
A: permanent stasis, dig shafts and tunnels, four strong arms, antennae 3
a: Dig, Shaft Self, Depart the Abyss, Renounce Religion


You were in a sewer.
You worshipped Lugonu.
Lugonu was aware of your devotion.
You were very full.

You visited 1 branch of the dungeon, and saw 3 of its levels.
You visited the Abyss 1 time.
You also visited: Sewer.

You collected 59 gold pieces.

Inventory:

Hand Weapons
 a - a +1 hand axe (weapon)
Missiles
 e - 34 sling bullets
 l - 22 stones (quivered)
Armour
 f - a +0 pair of gloves (worn)
 p - a +3 ring mail (worn)
Jewellery
 g - an amulet of the gourmand (around neck)
Scrolls
 b - 2 scrolls of identify {unknown}
 d - 2 scrolls of enchant weapon {unknown}
 i - a scroll of magic mapping {unknown}
 n - a scroll of enchant armour {unknown}
 o - 2 scrolls of remove curse {unknown}
Potions
 h - 3 potions of heal wounds {unknown}
 j - a potion of degeneration {unknown}
 m - a potion of flight {unknown}
Comestibles
 c - 4 rations


   Skills:
 - Level 3.2 Fighting
 * Level 4.1 Axes
 - Level 2.1 Armour
 - Level 0.8 Dodging
 + Level 3.7 Invocations


You had 4 spell levels left.
You didn't know any spells.

Dungeon Overview and Level Annotations

Branches:
Dungeon (3/15)

Altars:
Okawaru
Ru
Sif Muna
Uskayaw

Annotations:
Sewer Purgy


Innate Abilities, Weirdness & Mutations

You cannot be hasted, slowed, berserked, paralysed or teleported.
You can dig through walls and to a lower floor.
Your four strong arms can wield two-handed weapons with a shield.
You have a pair of large antennae on your head. (SInv)


Message History

You barely miss Purgy.
Purgy is severely wounded.
Purgy bites you but does no damage. Purgy barely misses you. Purgy claws you.
* * * LOW HITPOINT WARNING * * *
You closely miss Purgy.
Purgy is severely wounded.
Purgy bites you but does no damage. Purgy claws you but does no damage.
Purgy barely misses you.
You slash Purgy!
Purgy is almost dead.
Purgy misses you. Purgy barely misses you. Purgy claws you but does no damage.
You hit Purgy but do no damage.
Purgy is almost dead.
Purgy misses you. Purgy claws you.
* * * LOW HITPOINT WARNING * * *
Purgy barely misses you.
You closely miss Purgy.
Purgy is almost dead.
Purgy bites you!
You die...

+.≈≈≈.'..#
#.≈≈≈.####
#.≈≈≈.####
+.≈≈≈.÷..#
#.≈≈≈.####
#.≈≈≈.####
+..∩....∩#
#.≈≈≈.####
#.≈≈≈@#
{+.≈≈≈.T..#
#.≈≈≈.####
#.≈≈≈.#
{+.≈≈≈.+{
#.≈≈≈.#
#.≈≈≈.#
+.≈≈≈.+


You could see Purgy.

Vanquished Creatures
  An orc wizard (D:2)
  2 adders (D:2)
  An ooze (D:1)
  3 worms
  A dart slug (D:1)
  A leopard gecko (D:2)
  3 bats
  3 giant cockroaches
  3 goblins
  9 hobgoblins
  4 kobolds
  2 quokkas (D:2)
  8 frilled lizards
  6 rats
47 creatures vanquished.

Notes
Turn   | Place    | Note
-------+----------+-------------------------------------------
     0 | Abyss:1  | Faca the Formicid Abyssal Knight began the quest for the Orb.
     0 | Abyss:1  | Reached XP level 1. HP: 18/18 MP: 2/2
    54 | Abyss:1  | Noticed a large abomination
    56 | D:1      | Escaped the Abyss
   322 | D:1      | Reached XP level 2. HP: 23/24 MP: 3/3
   455 | D:1      | Reached * piety under Lugonu
   810 | D:1      | Reached XP level 3. HP: 29/29 MP: 5/5
   838 | D:1      | Reached skill level 3 in Axes
  1650 | D:2      | Found a sacrificial altar of Ru.
  1660 | D:2      | Reached XP level 4. HP: 21/35 MP: 6/6
  2144 | D:2      | Reached skill level 4 in Axes
  2192 | D:2      | Found a hide-covered altar of Uskayaw.
  2195 | D:2      | Found a deep blue altar of Sif Muna.
  2198 | D:2      | Found an iron altar of Okawaru.
  2425 | D:3      | Found a glowing drain.
  2437 | D:3      | Reached XP level 5. HP: 39/41 MP: 7/7
  2531 | Sewer    | Entered a sewer
  2568 | Sewer    | Noticed Purgy
  2586 | Sewer    | Slain by Purgy

Skill      XL: |  1  2  3  4 |
---------------+-------------+-----
Axes           | 3 4 |  4.1
Invocations    | 3 |  3.7
Fighting       | |  3.2
Armour         | |  2.1
Dodging        | |  0.8

Action                   |  1- 3 |  4- 6 || total
-------------------------+-------+-------++-------
Melee: Hand axe          |    95 |    90 ||   185
Invok: Depart the Abyss  |     1 |       ||     1
 Stab: Paralysed         |       |     1 ||     1
  Eat: Chunk             |    12 |     3 ||    15
Armor: Leather armour    |    12 |       ||    12
       Ring mail         |    19 |    45 ||    64
Dodge: Dodged            |    54 |    55 ||   109
